 Dungeon Crawl Stone Soup version 0.28.0 (webtiles) character file.

Game seed: 1418714710448207078

255076 Minsecho the Severer (level 19, -2/271 (274) HPs)
             Began as a Hill Orc Fighter on Feb 7, 2022.
             Was a Priest of Qazlal.
             Slain by a large abomination (6 damage)
             ... on level 2 of the Elven Halls.
             The game lasted 02:02:52 (54262 turns).

Minsecho the Severer (Hill Orc Fighter)            Turns: 54262, Time: 02:02:53

HP:   -2/271 (274)  AC: 32    Str: 25    XL:     19   Next: 77%
MP:   5/31          EV: 11    Int:  8    God:    Qazlal [***...]
Gold: 1359          SH: 17    Dex: 12    Spells: 18/18 levels left

rFire   + . .      SeeInvis .   s - +7 broad axe (elec)
rCold   + . .      Faith    .   c - +0 kite shield {reflect}
rNeg    . . .      Spirit   .   y - +3 storm dragon scales {Bai Suzhen}
rPois   +          Reflect  +   q - +0 helmet
rElec   +          Harm     .   r - +2 cloak {rC+}
rCorr   .          Rampage  .   Y - +2 pair of gloves
Will    ++...      Clarity  +   C - +2 pair of boots
Stlth   ..........              U - amulet of the acrobat
HPRegen 0.55/turn               B - ring of protection from fire
MPRegen 0.22/turn               p - ring of poison resistance

@: mighty, berserking (expiring), hasted, lightly drained, very quick
A: clarity, strong-willed 1, MP-powered wands, [subdued magic 2]
}: 2/15 runes: decaying, serpentine
a: Renounce Religion, Upheaval, Elemental Force


You were on level 2 of the Elven Halls.
You worshipped Qazlal.
Qazlal was most pleased with you.
You visited 7 branches of the dungeon, and saw 34 of its levels.
You visited the Abyss 1 time.
You also visited: Ice Cave and Volcano.

You collected 3255 gold pieces.
You spent 1896 gold pieces at shops.

Inventory:

Hand Weapons
 s - a +7 broad axe of electrocution (weapon)
Missiles
 n - 37 poisoned darts (quivered)
Armour
 a - a +2 cloak of preservation
 b - +1 ice dragon scales
 c - a +0 kite shield of reflection (worn)
 q - a +0 helmet (worn)
 r - a +2 cloak of cold resistance (worn)
 y - +3 storm dragon scales (worn) {Bai Suzhen}
 C - a +2 pair of boots (worn)
 F - +0 fire dragon scales
 Y - a +2 pair of gloves (worn)
Jewellery
 h - a +4 ring of evasion
 j - a +4 ring of protection
 p - a ring of poison resistance (right hand)
 B - a ring of protection from fire (left hand)
 O - a ring of willpower
 R - a ring of see invisible
 U - an amulet of the acrobat (around neck)
 V - a +4 ring of slaying
Wands
 A - a wand of iceblast (31)
 E - a wand of flame (39)
 J - a wand of digging (11)
 P - a wand of mindburst (21)
 Q - a wand of paralysis (7)
Scrolls
 d - 2 scrolls of brand weapon
 e - 4 scrolls of fog
 g - 13 scrolls of teleportation
 i - 2 scrolls of fear
 o - 7 scrolls of immolation
 t - 6 scrolls of vulnerability
 w - 2 scrolls of blinking
 L - a scroll of holy word
 N - 3 scrolls of enchant armour
 W - a scroll of summoning
Potions
 f - 6 potions of attraction
 l - 8 potions of curing
 m - 3 potions of flight
 u - 2 potions of cancellation
 x - 2 potions of might
 D - 2 potions of invisibility
 I - a potion of berserk rage
 K - 2 potions of lignification
 M - 2 potions of magic
 S - 8 potions of haste
 T - 2 potions of ambrosia
Miscellaneous
 k - a piece from Xom's chessboard (15/15)
 z - a tin of tremorstones (2/2)
 G - a phial of floods
 H - a phantom mirror


   Skills:
 + Level 19.2 Fighting
 + Level 20.5(21.5) Axes
 - Level 9.4(14.5) Polearms
 + Level 0.2 Throwing
 + Level 15.3 Armour
 + Level 8.7 Dodging
 + Level 3.2 Stealth
 + Level 17.0 Shields
 * Level 16.0 Invocations
 + Level 3.4 Evocations


You had 18 spell levels left.
You didn't know any spells.
Your spell library contained the following spells:

 Spells                   Type           Power      Damage    Failure   Level
 Animate Skeleton         Necr           0%         N/A       92%         1
 Apportation              Tloc           0%         N/A       92%         1
 Foxfire                  Conj/Fire      0%         2x1d4     92%         1
 Magic Dart               Conj           0%         1d3       92%         1
 Pain                     Necr           0%         1d4       92%         1
 Sandblast                Erth           0%         2d4       92%         1
 Sting                    Tmut/Pois      0%         1d3       92%         1
 Summon Small Mammal      Summ           0%         N/A       92%         1
 Passwall                 Tmut/Erth      0%         N/A       98%         2
 Poisonous Vapours        Pois/Air       0%         N/A       98%         2
 Searing Ray              Conj           0%         2d4       98%         2
 Static Discharge         Conj/Air       0%         N/A       98%         2
 Call Canine Familiar     Summ           0%         N/A       100%        3
 Confusing Touch          Hex            0%         N/A       100%        3
 Ozocubu's Armour         Ice            0%         N/A       100%        3
 Portal Projectile        Hex/Tloc       0%         N/A       100%        3
 Stone Arrow              Conj/Erth      0%         3d7       100%        3
 Summon Guardian Golem    Hex/Summ       0%         N/A       100%        3
 Fulminant Prism          Conj/Hex       0%         3d6       100%        4
 Leda's Liquefaction      Hex/Erth       0%         N/A       100%        4
 Olgreb's Toxic Radiance  Pois           0%         N/A       100%        4
 Agony                    Necr           0%         N/A       100%        5
 Excruciating Wounds      Necr           0%         N/A       100%        5
 Lightning Bolt           Conj/Air       0%         1d11      100%        5
 Yara's Violent Unravell  Hex/Tmut       0%         3d3       100%        5
 Iron Shot                Conj/Erth      0%         9d1       100%        6
 Enfeeble                 Hex            0%         N/A       100%        7
 Ozocubu's Refrigeration  Ice            0%         4d5       100%        7
 Spellforged Servitor     Conj/Summ      0%         N/A       100%        7
 Maxwell's Capacitive Co  Air            0%         ∞         100%        8


Dungeon Overview and Level Annotations

Branches:
Dungeon (15/15)            Temple (1/1) D:5            Lair (6/6) D:8
  Swamp (4/4) Lair:2        Snake (4/4) Lair:3        Slime (0/5) Lair:6
    Orc (2/2) D:12            Elf (2/3) Orc:2        Vaults (0/5) D:13
 Depths (0/4) D:15          IceCv (visited)         Volcano (visited)

Altars:
Ashenzari
Dithmenos
Hepliaklqana
Kikubaaqudgha
Okawaru
Qazlal
Sif Muna
Trog
Yredelemnul
Beogh
Jiyva

Shops:
D:4 =   D:9 :   D:10 !   D:15 !([(?   Orc:1 (   Orc:2 !*([   Snake:4 (


Innate Abilities, Weirdness & Mutations

You possess an exceptional clarity of mind.
You are strong-willed. (Will+)
You expend magic power (3 MP) to strengthen your wands.
[Your spells are easier to cast, but less powerful.]


Message History

That felt strangely unrewarding.
You hear a loud, deep croak!
You hear a bark!
A jelly comes into view.
You slice the blink frog!!
You kill the blink frog!
That felt strangely unrewarding.
You hear a chilling moan.
A large abomination comes into view.
A small abomination comes into view.
You slice the jelly!!
You kill the jelly!
That felt strangely unrewarding.
You closely miss the large abomination.
You hear a loud, deep croak!
You block the large abomination's attack.
A raiju comes into view.
You hit the large abomination.
The large abomination is lightly damaged.
You slash the large abomination!
The large abomination is moderately damaged.
A tentacled starspawn comes into view.
The large abomination hits you!!
* * * LOW HITPOINT WARNING * * *
Okay, then.
Unknown command.
A red film seems to cover your vision as you go berserk!
You feel yourself moving faster!
You feel mighty!
You feel a strong urge to attack something.
You block the large abomination's attack.
The wretched star pulses with an eldritch light!
You pass through the gate.
Welcome back to the Elven Halls!
You are too berserk!
You hit the large abomination but do no damage.
Lightning courses through the large abomination!
The large abomination is severely damaged.
You closely miss the deep elf pyromancer.
A deep elf pyromancer comes into view. It is wielding a +0 dagger.
The deep elf pyromancer hits you but does no damage.
The large abomination hits you.
You die...

'# #.....#. ... #.ee..'
....#.....# ...#.....#
...'.....##############
#(.................. .
#.[p................ ..
#..e[.#######..#####
##'####..@..#.....#..#...#
......[)X○..#.....'..#..)#
............#.....#..'...#
.........^..#.....#..#...#
............+.....#..#...)
............#####+#..###'#
....................).)...
....................).).).
............##########)###


You could see a deep elf sorcerer, a large abomination, 2 deep elf pyromancers,
a wizard and a +5 dagger.

Vanquished Creatures
  Bai Suzhen (Swamp:3)
  the Lernaean hydra (Swamp:4)
  Rupert (D:14)
  Jorgrun (Snake:1)
  A tentacled monstrosity (Swamp:4)
  A lich (Abyss:5)
  7 tentacled starspawn (Abyss:5)
  Kirke (Elf:1)
  Donald (Swamp:3)
  3 thorn hunters
  7 nagarajas (Snake:4)
  2 fenstrider witches
  2 daevas (Abyss:5)
  A deep elf elementalist (Abyss:5)
  Aizul (Snake:3)
  A very ugly thing (D:15)
  6 eleionomae
  A bunyip (Swamp:1)
  2 deep elf annihilators
  A dire elephant (Lair:1)
  A green death (Abyss:5)
  2 fire dragons
  2 shambling mangroves (Swamp:3)
  Fannar (Lair:3)
  2 rakshasas (D:15)
  13 naga warriors
  2 salamander tyrants (Snake:4)
  4 vault guards (D:13)
  A boulder beetle (D:12)
  22 hydras
  2 catoblepae
  3 ogre magi
  A ghost crab (Swamp:3)
  5 centaur warriors
  14 two-headed ogres
  12 anacondas
  10 dancing weapons
  2 tengu warriors (D:14)
  A soul eater (Abyss:5)
  7 thrashing horrors (Abyss:5)
  An orc high priest (Orc:2)
  5 alligators
  2 shock serpents
  21 naga sharpshooters
  7 deep elf knights
  4 wretched stars (Abyss:5)
  Nergalle (D:12)
  A shadow wraith (Abyss:5)
  5 skeletal warriors
  4 goliath frogs
  The ghost of Arzaac the Destroyer, a novice DrCj of Ashenzari (D:8)
  4 spriggan druids
  2 salamander mystics
  A deep troll (Orc:2)
  3 sea snakes (Snake:1)
  A death drake (shapeshifter) (Abyss:5)
  9 deep elf archers
  3 glowing orange brains
  2 wizards
  A bog body (Swamp:1)
  12 swamp dragons
  A harpy (D:14)
  4 naga ritualists
  6 lindwurms
  18 deep elf pyromancers
  20 deep elf zephyrmancers
  A necromancer (IceCv)
  2 orc knights
  6 cyclopes
  6 mana vipers
  3 orc sorcerers
  18 elephants
  13 ugly things
  A worldbinder (Abyss:5)
  An oklob plant (Lair:1)
  4 manticores
  6 will-o-the-wisps
  A wolf spider (D:11)
  A moth of wrath (shapeshifter) (D:14)
  8 salamanders
  35 black mambas
  A water nymph (shapeshifter) (D:15)
  Maurice (D:12)
  5 smoke demons
  4 centaur zombies
  An ice statue (IceCv)
  An apocalypse crab (Abyss:5)
  2 gargoyles (D:12)
  A guardian serpent (Snake:1)
  A torpor snail (Lair:5)
  11 naga magi
  6 molten gargoyles
  7 rime drakes
  7 cane toads
  A komodo dragon (shapeshifter) (Abyss:5)
  3 freezing wraiths (IceCv)
  14 komodo dragons
  A kobold demonologist (D:12)
  A demonic crawler (Abyss:5)
  2 tengu conjurers (D:13)
  3 efreet
  14 ice devils (IceCv)
  An ancient zyme (Abyss:5)
  3 anaconda simulacra (IceCv)
  A red devil (Volcano)
  14 trolls
  12 tyrant leeches
  Prince Ribbit (D:9)
  3 meliai (D:15)
  A polar bear (shapeshifter) (D:11)
  9 slime creatures
  4 polar bears
  7 hornets
  10 dream sheep (Lair:4)
  11 blink frogs
  16 raiju (Abyss:5)
  An air elemental (Elf:1)
  3 starcursed masses (Abyss:5)
  A vampire (Abyss:5)
  5 spriggans
  2 wraiths (D:11)
  2 dire elephant simulacra (IceCv)
  2 shadows
  11 wyverns
  Sigmund (D:6)
  4 fire bats (Lair:1)
  6 basilisks
  63 yaks
  4 hogs (Elf:1)
  2 fire elementals
  12 vampire mosquitoes
  2 chaos spawn (Abyss:5)
  3 steam dragons
  3 neqoxecs (Abyss:5)
  3 death yak simulacra (IceCv)
  44 nagas
  6 wargs
  13 large abominations (Abyss:5)
  3 acid dragons
  17 swamp worms
  8 hell hounds
  2 spatial vortices (Abyss:5)
  31 water moccasins
  2 ice beasts
  6 swamp drakes
  9 orc warriors
  A small abomination (Abyss:5)
  A sky beast (D:8)
  4 black bears
  20 ogres
  3 necrophages
  A boggart (Elf:2)
  27 wolves
  16 centaurs
  6 bullfrogs
  A kobold brigand (D:11)
  2 two-headed ogre simulacra (IceCv)
  4 cane toad simulacra (IceCv)
  2 gnoll sergeants
  A scorpion (D:4)
  A wyvern skeleton (D:6)
  20 killer bees
  5 elephant simulacra (IceCv)
  2 howler monkeys (D:10)
  2 electric eels
  2 bullfrog zombies
  6 lava snakes
  6 orc priests
  12 hounds
  5 jellies
  5 iguanas
  Jessica (D:2)
  A scorpion zombie (D:5)
  10 orc wizards
  7 polar bear simulacra (IceCv)
  A wolf simulacrum (IceCv)
  2 howler monkey zombies
  10 gnolls
  5 adders
  A shadow imp (D:7)
  A white imp (IceCv)
  4 ufetubi
  An adder skeleton (D:4)
  A worm (D:2)
  4 dart slugs
  31 orcs
  10 endoplasms
  4 giant cockroaches
  7 goblins
  6 hobgoblins
  3 jackals (D:4)
  4 quokkas
  6 ball pythons
  5 bats
  2 frilled lizards
  9 kobolds
  10 rats
  A lurking horror (Abyss:5)
  3 starspawn tentacles (Abyss:5)
1150 creatures vanquished.

Vanquished Creatures (collateral kills)
  A deep troll (Orc:2)
  An ogre (Orc:2)
  2 orcs (Orc:2)
4 creatures vanquished.

Vanquished Creatures (others)
  The ghost of pkoi the Zephyrmancer, a journeyman DrAE of Dithmenos (D:10)
  A deep elf pyromancer (Elf:1)
  A deep elf zephyrmancer (Elf:1)
  2 bloated husks
  A tyrant leech (Swamp:2)
  A blink frog (Abyss:5)
  A ynoxinul (Abyss:5)
  A small abomination (Abyss:5)
  A jelly (Abyss:5)
  An endoplasm (Abyss:5)
  2 bushes (D:8)
  A fire vortex (Lair:1)
  38 foxfires
  47 fungi
  3 lurking horrors (Abyss:5)
  58 plants
  20 starspawn tentacles (Abyss:5)
  7 toadstools (Lair:1)
187 creatures vanquished.

Grand Total: 1341 creatures vanquished

Notes
Turn   | Place    | Note
-------+----------+-------------------------------------------
     0 | D:1      | Minsecho the Hill Orc Fighter began the quest for the Orb.
     0 | D:1      | Reached XP level 1. HP: 19/19 MP: 1/1
   226 | D:1      | Reached XP level 2. HP: 26/27 MP: 2/2
   301 | D:1      | Reached skill level 3 in Axes
   640 | D:1      | Reached XP level 3. HP: 26/33 MP: 3/3
  1292 | D:2      | Reached XP level 4. HP: 39/40 MP: 4/4
  1426 | D:2      | Noticed Jessica
  1439 | D:2      | Killed Jessica
  1440 | D:2      | Reached skill level 4 in Axes
  1733 | D:2      | Found a faded altar of an unknown god.
  2120 | D:3      | Reached XP level 5. HP: 47/47 MP: 5/5
  2999 | D:4      | Noticed a necrophage
  3003 | D:4      | Reached skill level 5 in Axes
  3033 | D:4      | Killed a necrophage
  3034 | D:4      | Reached XP level 6. HP: 37/53 MP: 6/6
  3213 | D:4      | Reached skill level 6 in Axes
  3344 | D:4      | Found a shimmering blue altar of Sif Muna.
  3557 | D:4      | Reached skill level 5 in Fighting
  3557 | D:4      | Reached XP level 7. HP: 49/61 MP: 7/7
  3674 | D:4      | Reached skill level 5 in Armour
  3785 | D:4      | Noticed a wyvern
  3793 | D:4      | Killed a wyvern
  3794 | D:4      | Reached skill level 7 in Axes
  3794 | D:4      | Reached skill level 1 in Dodging
  3851 | D:4      | Found Beth's Jewellery Shoppe.
  4167 | D:5      | Entered Level 5 of the Dungeon
  4829 | D:5      | Reached skill level 8 in Axes
  4829 | D:5      | Reached XP level 8. HP: 70/70 MP: 8/8
  4858 | D:5      | Noticed a wyvern
  4867 | D:5      | Reached skill level 1 in Stealth
  4868 | D:5      | Killed a wyvern
  5154 | D:5      | Found a staircase to the Ecumenical Temple.
  5187 | Temple   | Entered the Ecumenical Temple
  5241 | Temple   | Became a worshipper of Qazlal Stormbringer
  5422 | D:6      | Noticed Sigmund
  5439 | D:6      | Reached skill level 9 in Axes
  5460 | D:6      | Killed Sigmund
  5999 | D:6      | Reached XP level 9. HP: 65/78 MP: 9/9
  6001 | D:6      | Reached skill level 10 in Axes
  6815 | D:6      | Reached * piety under Qazlal
  7139 | D:7      | Reached skill level 11 in Axes
  7850 | D:8      | Reached skill level 5 in Shields
  8116 | D:8      | Noticed a two-headed ogre
  8382 | D:8      | Found a staircase to the Lair.
  8417 | D:8      | Reached skill level 12 in Axes
  8417 | D:8      | Reached XP level 10. HP: 52/86 MP: 10/10
  8722 | D:8      | Found a large runed translucent door.
  8724 | D:8      | Found a large runed translucent door.
  8726 | D:8      | Noticed Arzaac's ghost (novice DrCj)
  9129 | D:8      | Killed a two-headed ogre
  9385 | D:8      | Reached skill level 1 in Evocations
  9514 | D:8      | Reached ** piety under Qazlal
  9718 | D:8      | Reached skill level 13 in Axes
 10521 | D:9      | Noticed Prince Ribbit
 10537 | D:9      | Killed Prince Ribbit
 10659 | D:9      | Reached XP level 11. HP: 75/97 MP: 11/11
 11214 | D:9      | Found Jat Muse's Self-Improvement Boutique.
 11529 | D:10     | Entered Level 10 of the Dungeon
 11561 | D:10     | Found Tiasy's Distillery.
 11575 | D:10     | Bought 2 potions of haste for 300 gold pieces
 11575 | D:10     | Bought a potion of curing for 45 gold pieces
 11575 | D:10     | Bought a potion of curing for 45 gold pieces
 11575 | D:10     | Bought a potion of ambrosia for 120 gold pieces
 12205 | D:10     | Noticed a two-headed ogre
 12214 | D:10     | Killed a two-headed ogre
 12479 | D:10     | Found a runed translucent door.
 12480 | D:10     | Noticed pkoi's ghost (journeyman DrAE)
 12480 | D:10     | Noticed a catoblepas
 12758 | D:8      | Killed Arzaac's ghost
 12759 | D:8      | Reached skill level 14 in Axes
 13040 | D:10     | Reached skill level 10 in Fighting
 13454 | D:11     | Noticed a manticore
 13457 | D:11     | Noticed a cyclops
 13462 | D:11     | Killed a manticore
 13473 | D:11     | Killed a cyclops
 13820 | Lair:1   | Entered Level 1 of the Lair of Beasts
 13946 | Lair:1   | Reached skill level 15 in Axes
 14288 | Lair:1   | Reached XP level 12. HP: 15/108 MP: 12/12
 15028 | Lair:1   | Reached skill level 10 in Armour
 15203 | Lair:1   | Noticed a dire elephant
 15236 | Lair:1   | Reached skill level 5 in Dodging
 15242 | Lair:1   | Reached *** piety under Qazlal
 15254 | Lair:1   | Found a runed translucent door.
 15969 | Lair:2   | Reached skill level 16 in Axes
 16512 | Lair:2   | Reached **** piety under Qazlal
 16705 | Lair:2   | Noticed a five-headed hydra
 16713 | Lair:2   | Killed a six-headed hydra
 16732 | Lair:2   | Found a staircase to the Swamp.
 17131 | Lair:3   | Found a frozen archway.
 17190 | IceCv    | Entered an ice cave
 17298 | IceCv    | Reached XP level 13. HP: 117/117 MP: 13/13
 17428 | IceCv    | Reached skill level 17 in Axes
 18337 | IceCv    | Found an ancient bone altar of Kikubaaqudgha.
 19198 | Lair:3   | Reached ***** piety under Qazlal
 19349 | Lair:3   | Reached skill level 1 in Invocations
 19882 | Lair:3   | Noticed Fannar
 19908 | Lair:3   | Killed Fannar
 19960 | Lair:3   | Found a staircase to the Snake Pit.
 20284 | Lair:4   | Reached skill level 10 in Shields
 20294 | Lair:4   | HP: 6/122 [poisoned by a black mamba]
 20980 | Lair:4   | Identified the +9 dagger "Fewoyl" {chaos, rC+ Dex+5}
 21108 | Lair:4   | Reached XP level 14. HP: 120/129 MP: 15/17
 21525 | Lair:4   | Reached skill level 18 in Axes
 22349 | Lair:5   | Reached skill level 5 in Invocations
 23146 | Lair:6   | Entered Level 6 of the Lair of Beasts
 23353 | Lair:6   | Found a runed translucent door.
 23354 | Lair:6   | Found a viscous altar of Jiyva.
 23356 | Lair:6   | Found a staircase to the Slime Pits.
 24851 | Lair:6   | Found a large runed translucent door.
 24852 | Lair:6   | Found a large runed translucent door.
 26292 | D:10     | Killed pkoi's ghost
 26293 | D:10     | Reached XP level 15. HP: 71/139 MP: 20/20
 27061 | Lair:1   | Reached skill level 15 in Fighting
 27249 | Lair:1   | Gained mutation: Your body sometimes deteriorates upon
                  | taking damage. [potion of mutation]
 27249 | Lair:1   | Gained mutation: Your spells are a little harder to cast,
                  | but a little more powerful. [potion of mutation]
 27250 | Lair:1   | Lost mutation: Your spells are a little harder to cast, but
                  | a little more powerful. [potion of mutation]
 27250 | Lair:1   | Lost mutation: Your body sometimes deteriorates upon taking
                  | damage. [potion of mutation]
 27250 | Lair:1   | Gained mutation: You are clumsy. (Dex -2) [potion of
                  | mutation]
 27250 | Lair:1   | Gained mutation: You are weak. (Str -2) [potion of
                  | mutation]
 27250 | Lair:1   | Gained mutation: You have supernaturally acute eyesight.
                  | (SInv) [potion of mutation]
 27251 | Lair:1   | Lost mutation: You have supernaturally acute eyesight.
                  | (SInv) [potion of mutation]
 27251 | Lair:1   | Lost mutation: You are clumsy. (Dex -2) [potion of
                  | mutation]
 27251 | Lair:1   | Lost mutation: You are weak. (Str -2) [potion of mutation]
 27251 | Lair:1   | Gained mutation: You possess an exceptional clarity of
                  | mind. [potion of mutation]
 27251 | Lair:1   | Gained mutation: You expend magic power (3 MP) to
                  | strengthen your wands. [potion of mutation]
 27251 | Lair:1   | Gained mutation: You are strong-willed. (Will+) [potion of
                  | mutation]
 27698 | D:11     | Identified the +1 scale mail of Hadjma {Int+2}
 27889 | D:11     | Identified the +1 quarterstaff of Noon {vorpal, *Noise
                  | rElec rPois rN++}
 28603 | D:11     | Identified the +8 trident of the Dungeon {pain, Dex+4}
 29588 | D:12     | Reached skill level 1 in Polearms
 29967 | D:12     | Identified the +1 arbalest of Defilement {elec, rC+++ Will+
                  | Str-3}
 30032 | D:12     | Noticed Nergalle
 30041 | D:12     | Killed Nergalle
 30118 | D:12     | Found a staircase to the Orcish Mines.
 30260 | D:12     | Noticed Maurice
 30273 | D:12     | Killed Maurice
 30403 | D:13     | Found a gate to the Vaults.
 30879 | D:13     | Reached skill level 5 in Polearms
 31603 | D:13     | Found a shimmering blue altar of Sif Muna.
 32046 | D:14     | Noticed Rupert
 32066 | D:14     | Killed Rupert
 32067 | D:14     | Reached skill level 10 in Invocations
 32067 | D:14     | Reached XP level 16. HP: 140/150 MP: 17/23
 32932 | D:14     | Found a broken altar of Ashenzari.
 33337 | D:15     | Entered Level 15 of the Dungeon
 33362 | D:15     | Found Veici's Magic Scroll Emporium.
 33372 | D:15     | Bought a scroll of blinking for 120 gold pieces
 33379 | D:15     | Found Dantod's Armour Shop.
 33551 | D:15     | Found Hebizir's Distillery.
 33559 | D:15     | Bought a potion of berserk rage for 65 gold pieces
 33559 | D:15     | Bought a potion of berserk rage for 65 gold pieces
 33559 | D:15     | Bought a potion of might for 52 gold pieces
 34087 | D:15     | Found Duucec's Antique Weapon Shop.
 34099 | D:15     | Identified the +3 robe of the Oily Jabberwock {Dex+4}
 34431 | D:15     | Found Irirot's Antique Weapon Shoppe.
 34567 | D:15     | Found a staircase to the Depths.
 34769 | Orc:1    | Entered Level 1 of the Orcish Mines
 34945 | Orc:1    | Found a roughly hewn altar of Beogh.
 35067 | Orc:2    | Entered Level 2 of the Orcish Mines
 35394 | Orc:2    | Found Muthrucu's Assorted Antiques.
 35394 | Orc:2    | Paralysed by an ogre mage for 3 turns
 35446 | Orc:2    | Reached skill level 19 in Axes
 35454 | Orc:1    | HP: 3/152 [orc knight (9)]
 35468 | Orc:1    | Paralysed by an ogre mage for 5 turns
 35518 | Orc:2    | Found Plog's Distillery.
 35527 | Orc:2    | Found a dark tunnel.
 35551 | Volcano  | Entered a volcano
 36257 | Orc:2    | Found Plog's Weapon Boutique.
 36268 | Orc:2    | Found Osiu's Antique Armour Shoppe.
 36449 | Orc:2    | Found a staircase to the Elven Halls.
 36610 | Orc:1    | Found Zisto's Weapon Emporium.
 36748 | Orc:2    | Bought a scroll of enchant weapon for 210 gold pieces
 36748 | Orc:2    | Bought a potion of haste for 280 gold pieces
 36753 | Orc:2    | Bought a potion of heal wounds for 70 gold pieces
 36766 | Orc:2    | Bought an embroidered cloak for 262 gold pieces
 36766 | Orc:2    | Bought a pair of embroidered boots for 262 gold pieces
 36951 | Swamp:1  | Entered Level 1 of the Swamp
 37425 | Swamp:1  | Noticed a thorn hunter
 37615 | Swamp:1  | Killed a thorn hunter
 37957 | Swamp:1  | Reached XP level 17. HP: 157/160 MP: 26/26
 37986 | Swamp:1  | You fall into a shaft and drop 1 floor!
 40143 | Swamp:3  | Noticed Donald
 40162 | Swamp:3  | Killed Donald
 40726 | Swamp:3  | Identified the +11 hand axe of Ashenzari's Fury {elec,
                  | rElec rN+ Will- Stlth+}
 40781 | Swamp:4  | Entered Level 4 of the Swamp
 41846 | Swamp:4  | Noticed Bai Suzhen
 41987 | Swamp:3  | Killed Bai Suzhen
 42874 | Swamp:4  | Noticed the 27-headed Lernaean hydra
 43281 | Swamp:4  | Killed the 27-headed Lernaean hydra
 43302 | Swamp:4  | Noticed a tentacled monstrosity
 43522 | Swamp:4  | Killed a tentacled monstrosity
 43902 | Swamp:4  | Got a decaying rune of Zot
 44375 | Snake:1  | Entered Level 1 of the Snake Pit
 44467 | Snake:1  | Found a runed translucent door.
 44473 | Snake:1  | Reached XP level 18. HP: 170/170 MP: 28/28
 44628 | Snake:1  | You fall into a shaft and drop 1 floor!
 44765 | Snake:1  | Reached skill level 15 in Shields
 45295 | Snake:1  | Noticed Jorgrun
 45310 | Snake:1  | Killed Jorgrun
 45678 | Snake:1  | Identified the +1 scale mail of the Tanner {*Corrode rF-
                  | rN+++ Str+7}
 47397 | Snake:3  | Noticed Aizul
 47405 | Snake:3  | Killed Aizul
 48625 | Snake:4  | Entered Level 4 of the Snake Pit
 48625 | Snake:4  | Found Juij's Weapon Shoppe.
 50346 | Snake:4  | Reached skill level 15 in Invocations
 50346 | Snake:4  | Reached XP level 19. HP: 146/180 MP: 30/30
 50377 | Snake:4  | HP: 8/180 [asphyx]
 50920 | Snake:4  | Reached skill level 15 in Armour
 51033 | Snake:4  | Got a serpentine rune of Zot
 51473 | Elf:1    | Entered Level 1 of the Elven Halls
 51549 | Elf:1    | Reached skill level 20 in Axes
 51819 | Elf:1    | Noticed Kirke
 51907 | Elf:1    | Killed Kirke
 52785 | Elf:1    | Got the Catalogue of Attacks
 53778 | Elf:2    | Cast into level 4 of the Abyss (a deep elf sorcerer)
 53778 | Abyss:4  | Found a corrupted altar of Lugonu.
 53785 | Abyss:5  | Entered Level 5 of the Abyss
 54258 | Abyss:5  | HP: 1/181 [large abomination (20)]
 54261 | Elf:2    | Escaped the Abyss
 54262 | Elf:2    | Slain by a large abomination

Illustrated notes

Levels and vault maps discovered:
D:1:      matt_arrival_refuge, layout_basic, amethyst_killhole,
          minmay_heptomino_o4
D:2:      layout_loops_ring, shapermc_ecumenical_altar_acropolis, uniq_jessica
D:3:      cheibrodos_old_hovel, layout_basic, st_stairs_7, chequers_avenue,
          kennysheep_generic_room_5
D:4:      layout_loops_cross, mainiacjoe_overflow_boulevard, serial_shops,
          kennysheep_mini_moat, nicolae_zen_rock_garden
D:5:      layout_gridville, minmay_temple_entry_poolview,
          minmay_misc_feat_secret_circle
D:6:      layout_gridville, roderic_lattice_a, hangedman_decor_peaks_small,
          uniq_sigmund
D:7:      layout_basic
D:8:      layout_loops_ring, minmay_lair_entry_grove,
          ebering_ghost_disaster_area
D:9:      layout_basic, nicolae_shop_self_help, uniq_prince_ribbit1
D:10:     layout_long_grid, ebering_ghost_inner_flame, serial_shops,
          nicolae_stop_n_shop_1
D:11:     minmay_ornate_pinched, layout_cave_pods
D:12:     layout_loops_ring, minmay_orc_entry_guard_dogs, uniq_maurice,
          uniq_nergalle
D:13:     layout_loops_cross, lightli_vaults_fourway_checkpoint,
          nicolae_sif_muna_little_library
D:14:     hangedman_cross_stitches, layout_loops_ring,
          cheibrodos_ashenzari_chains, uniq_rupert
D:15:     gammafunk_enter_depths_forms, layout_loops_cross,
          hangedman_abyss_or_decor_clamps, serial_shops, nicolae_lakefront_shop,
          shop, shop, shop, nicolae_lakefront_shop
Temple:   mainiacjoe_temple_archimedes_tessellation
Lair:1:   gammafunk_lair_enchanted_lake, layout_gridlike, grunt_megastairs_5
Lair:2:   layout_regular_city, swamp_mist
Lair:3:   layout_chaotic_city, minmay_snake_entry_six_corridors,
          portal_ice_cave_entry_pillars_2, serial_bayou_shore_a, uniq_fannar
Lair:4:   layout_gridlike, gauntlet_entry_generic
Lair:5:   layout_regular_city, grunt_forest_large_clearings
Lair:6:   cheibrodos_lair_end_hotspot, layout_cave_pods, slime_altar_2
Swamp:1:  layout_basic_swamp, nicolae_swamp_decorative_isthmus
Swamp:2:  layout_basic_swamp, evilmike_swamp_ruin_house_2
Swamp:3:  nicolae_swamp_tree_isthmus, layout_basic_swamp,
          evilmike_swamp_ruin_house_5, swamp_pool2, uniq_donald
Swamp:4:  swamp_alternative, layout_basic_swamp, swamp_pool3,
          infiniplex_staircase_pool, uniq_bai_suzhen
Snake:1:  nicolae_snake_shooting_gallery, layout_rooms, lightli_airlock,
          uniq_jorgrun
Snake:2:  layout_cave_pods
Snake:3:  layout_layer_cave, uniq_aizul
Snake:4:  minmay_snake_end_coiled, layout_gridlike, serial_shops,
          nicolae_shop_hallway_plus, hangedman_snake_pattern
Orc:1:    layout_caves, serial_shops, nicolae_diamond_shop, basic_altar
Orc:2:    st_orc_open, layout_caves, enter_volcano_1
Elf:1:    nicolae_elf_arrival_fired_up, layout_gridlike,
          minmay_elf_annihilation, minivault_8, uniq_kirke
Elf:2:    elven_hall_of_blades_hangedman_original [grunt_blade_entry_basic],
          layout_onion_city, ebering_dispersal_statue_hall,
          hangedman_elf_disciples, uniq_louise

Skill      XL: |  1  2  3  4  5  6  7  8  9 10 11 12 13 14 15 16 17 18 19 |
---------------+----------------------------------------------------------+-----
Axes           | 3 4 5 6 8 9 12 13 15 16 17 18 19 20 | 20.5
Fighting       | 4 5 6 7 9 10 11 13 14 15 16 17 18 19 | 19.2
Armour         | 4 5 6 8 9 10 11 12 13 14 15 | 15.3
Shields        | 4 5 6 7 8 10 11 12 13 14 16 17 | 17.0
Dodging        | 1 2 3 4 5 6 7 8 |  8.7
Stealth        | 1 2 3 |  3.2
Evocations     | 1 2 3 |  3.4
Invocations    | 4 7 10 12 13 15 16 | 16.0
Polearms       | 6 8 9 |  9.4
Throwing       | |  0.2

Action                   |  1- 3 |  4- 6 |  7- 9 | 10-12 | 13-15 | 16-18 | 19-21 || total
-------------------------+-------+-------+-------+-------+-------+-------+-------++-------
Melee: War axe           |    90 |   151 |   372 |   611 |   963 |       |       ||  2187
       Trident           |       |       |       |       |   340 |  1087 |       ||  1427
       Broad axe         |       |       |       |       |       |   498 |   509 ||  1007
Throw: Dart              |       |     6 |       |       |     2 |       |       ||     8
Invok: Upheaval          |       |       |       |       |    39 |    21 |    23 ||    83
       Elemental Force   |       |       |       |       |       |     1 |       ||     1
Evoke: Wand              |       |       |     1 |    15 |    16 |    18 |     7 ||    57
       Phial of floods   |       |       |       |       |     2 |       |       ||     2
  Use: Potion            |       |     1 |     2 |     2 |     9 |     4 |    17 ||    35
       Scroll            |       |     1 |     5 |     1 |    16 |    18 |       ||    41
 Stab: Paralysed         |       |       |       |       |     3 |       |       ||     3
       Distracted        |       |       |       |       |       |     1 |       ||     1
       Invisible         |       |       |       |       |       |       |     1 ||     1
Armor: Scale mail        |    40 |    66 |   223 |   271 |       |       |       ||   600
       Ice dragon scales |       |       |       |    20 |   569 |   290 |       ||   879
       Plate armour      |       |       |       |       |     8 |       |       ||     8
       Fire dragon scale |       |       |       |       |       |    16 |       ||    16
       Storm dragon scal |       |       |       |       |       |   225 |   147 ||   372
Dodge: Dodged            |    31 |    76 |   190 |   230 |   484 |   512 |   157 ||  1680
       Repelled          |       |       |       |       |     2 |    52 |    10 ||    64
Block: Buckler           |    15 |    36 |   132 |   275 |   628 |   323 |       ||  1409
       Kite shield       |       |       |       |       |       |   628 |   331 ||   959
       Reflection        |       |       |       |       |       |    92 |    47 ||   139
